 Dungeon Crawl Stone Soup version 0.28-a0-631-g0446da8ef9 (webtiles) character file.

Game seed: 14735206359009376947

34 a11behringer the Ruffian (level 3, 0/28 HPs)
             Began as a Draconian Transmuter on Oct 10, 2021.
             Slain by a worm (6 damage)
             ... on level 2 of the Dungeon.
             The game lasted 00:05:06 (1135 turns).

a11behringer the Ruffian (Draconian Transmuter)     Turns: 1135, Time: 00:05:06

Health: 0/28       AC:  5    Str: 13    XL:     3   Next: 14%
Magic:  5/6        EV: 12    Int: 13    God:
Gold:   50         SH:  0    Dex: 11    Spells: 5/6 levels left

rFire   . . .      SeeInvis .     - Unarmed
rCold   . . .      Faith    .   (no shield)
rNeg    . . .      Spirit   .   (armour unavailable)
rPois   .          Reflect  .   (helmet restricted)
rElec   .          Harm     .   (no cloak)
rCorr   .          Rampage  .   (no gloves)
Will    .....                   (no boots)
Stlth   +.........              (no amulet)
HPRegen 0.09/turn               (no ring)
MPRegen 0.10/turn               (no ring)

@: no status effects
A: AC +5, unfitting armour, cold-blooded
a: no special abilities


You were on level 2 of the Dungeon.
You visited 1 branch of the dungeon, and saw 2 of its levels.

You collected 50 gold pieces.

Inventory:

Scrolls
 a - a scroll of vulnerability {unknown}
 b - 3 scrolls of identify {unknown}
 d - a scroll of amnesia {unknown}
Potions
 c - a potion of attraction {unknown}
 e - a potion of heal wounds {unknown}


   Skills:
 + Level 1.1 Fighting
 - Level 0.5 Maces & Flails
 + Level 2.2 Dodging
 + Level 3.6 Unarmed Combat
 + Level 2.1 Spellcasting
 * Level 2.3 Transmutations


You had 5 spell levels left.
You knew the following spells:

 Your Spells              Type           Power      Damage    Failure   Level
a - Beastly Appendage     Tmut           14%        N/A       10%         1

Your spell library contained the following spells:

 Spells                   Type           Power      Damage    Failure   Level
 Wereblood                Tmut           7%         N/A       16%         2
 Spider Form              Tmut/Pois      2%         N/A       43%         3
 Dazzling Flash           Conj/Hex       2%         N/A       58%         3
 Ice Form                 Ice/Tmut       4%         N/A       83%         4
 Iskenderun's Mystic Bla  Conj/Tloc      1%         2d3       94%         4
 Starburst                Conj/Fire      0%         6d3       100%        6


Dungeon Overview and Level Annotations

Branches:
Dungeon (2/15)

Altars:

Shops:
D:1 !


Innate Abilities, Weirdness & Mutations

Your plain brown scales are hard. (AC +5)
You cannot fit into any form of body armour.
You are cold-blooded and may be slowed by cold attacks.


Message History

You barely miss the adder. Your kick misses the adder.
The adder is moderately wounded.
The adder barely misses you. The adder bites you but does no damage.
You hit the adder. Your kick misses the adder.
The adder is severely wounded.
The adder bites you.
You are poisoned.
The adder poisons you!
You hit the adder.
You kill the adder!
You feel sick.
You have reached level 3!
Your experience leads to an increase in your attributes!
Increase (S)trength, (I)ntelligence, or (D)exterity?
You feel stronger.
Your scales feel tougher.
You hit the quokka.
You kill the quokka!
You feel sick. The dart slug launches a dart at you. The slug dart misses you.
Your horns disappear.
Your talons disappear.
You feel sick.
The dart slug bites you but does no damage.
You see here a quokka corpse.
You hit the hobgoblin. You tail-slap the hobgoblin.
You kill the hobgoblin!
You feel sick.
You are no longer poisoned.
The dart slug bites you but does no damage.
You see here a hobgoblin corpse.
You hit the dart slug.
The dart slug is heavily wounded.
The worm bites you but does no damage. The dart slug launches a dart at you.
The slug dart hits you.
* * * LOW HITPOINT WARNING * * *
You hit the dart slug.
The dart slug is almost dead.
The worm bites you.
You die...

# ##### #..#. ..... ##
#.#.# .....$ #.
#....####..#### .# #.
#...†@w..#### .# #.
##.###w'.(#### ##. ##.
#......#..#### #..##..
#.....##...... #.##..#
#.....# ..... #.##.##
#.....###########....#.
#####.......#####.....>....
................[.....#####
#####.....##.<#.###.#....#


You could see a worm and a dart slug.

Vanquished Creatures
  An adder (D:2)
  A dart slug (D:2)
  4 bats
  3 giant cockroaches (D:1)
  A hobgoblin (D:2)
  2 jackals (D:1)
  2 quokkas
  2 ball pythons (D:1)
  2 goblins (D:1)
  3 kobolds (D:1)
  2 rats
23 creatures vanquished.

Notes
Turn   | Place    | Note
-------+----------+-------------------------------------------
     0 | D:1      | a11behringer the Draconian Transmuter began the quest for
                  | the Orb.
     0 | D:1      | Reached XP level 1. HP: 16/16 MP: 3/3
   167 | D:1      | Found Vustrink's Distillery.
   256 | D:1      | Found a faded altar of an unknown god.
   302 | D:1      | Reached XP level 2. HP: 23/23 MP: 5/5
  1130 | D:2      | Reached XP level 3. HP: 13/28 MP: 4/6
  1135 | D:2      | Slain by a worm

Illustrated notes

Levels and vault maps discovered:
D:1:      co_arrival_square_in_a_square_in_a_square, layout_loops_ring,
          serial_shops, nicolae_diamond_shop, ebering_ecumenical_altar_mist,
          nrook_uturn
D:2:      layout_rooms, kennysheep_generic_room_6

Skill      XL: |  1  2 |
---------------+-------+-----
Dodging        | 2 |  2.2
Fighting       | |  1.1
Maces & Flails | |  0.5
Unarmed Combat | |  3.6
Spellcasting   | |  2.1
Transmutations | |  2.3

Action                   || total
-------------------------++-------
Melee: Unarmed           ||    77
       Tailslap          ||     6
       Kick              ||     3
       Headbutt          ||     1
       Whip              ||    15
 Cast: Beastly Appendage ||     5
Armor: Skin              ||    40
Dodge: Dodged            ||    62

Table legend: (Time is in decaauts)
 A = Elapsed time spent in this place.
 B = Non-inter-level travel time spent in this place.
 C = Inter-level travel time spent in this place.
 D = Time resting spent in this place.
 E = Time spent auto-exploring this place.
 F = Levels seen in this place.
 G = Mean time per level.
                   A        B        C        D        E       F      G
               +--------+--------+--------+--------+--------+-----+--------+
         Total |   1130 |   1022 |    108 |      0 |    829 |   2 |  565.0 |
       Dungeon |   1130 |   1022 |    108 |      0 |    829 |   2 |  565.0 |
               +--------+--------+--------+--------+--------+-----+--------+

Top non-repeatable levels by time:
     D:1: 982 daAuts
     D:2: 148 daAuts
